Get step-by-step instructions on how to execute this build order below. Start the game timer, and the build order will tick by so you can play in parallel with StarCraft on a second screen or mobile device.

Game Time

  0:00

Last Step

  N/A

Next Step

Upcoming Step



Don't want to look back and forth between 2 screens? Try out our Overwolf App, the Spawning Tool Build Advisor to get an in-game overlay with this build!

Complete Build Order

  12  0:00  Drone  
  13  0:12  Overlord  
  13  0:17  Drone  
  14  0:30  Drone x2  
  16  0:47  Hatchery  
  15  0:51  Drone  
  15  0:54  Drone  
  17  0:58  Drone  
  18  1:09  Extractor  
  17  1:13  Spawning Pool  
  17  1:16  Drone  
  17  1:20  Drone  
  18  1:28  Drone  
  19  1:38  Drone  
  20  1:52  Drone  
  21  1:59  Queen  
  21  2:00  Zergling x2, Queen, Overlord  
  26  2:11  Drone  
  26  2:12  Drone  
  26  2:15  Metabolic Boost  
  28  2:24  Drone x2  
  30  2:32  Hatchery  
  29  2:38  Zergling x2  
  29  2:42  Queen  
  32  2:46  Drone  
  32  2:49  Overlord  
  33  2:53  Drone x2  
  33  3:06  Drone x2  
  33  3:10  Queen, Overlord  
  33  3:11  Drone  
  38  3:17  Drone x3  
  41  3:21  Overlord  
  41  3:25  Queen  
  43  3:38  Drone x3  
  46  3:45  Drone  
  46  3:47  Drone  
  46  3:48  Spore Crawler  
  47  3:49  Drone x3  
  47  3:52  Drone x4  
  47  3:54  Queen  
  56  4:01  Queen  
  58  4:03  Drone  
  58  4:04  Drone  
  58  4:06  Overlord  
  58  4:08  Zergling x2  
  61  4:10  Spore Crawler  
  61  4:12  Zergling x2  
  61  4:13  Zergling x2  
  61  4:16  Drone  
  63  4:19  Zergling x6  
  63  4:22  Overlord  
  63  4:23  Overlord  
  66  4:26  Drone  
  66  4:30  Drone x3  
  70  4:36  Drone x4  
  74  4:42  Drone  
  74  4:43  Drone x2  
  74  4:45  Drone  
  78  4:46  Lair  
  78  4:47  Drone  
  78  4:48  Drone x2  
  81  4:54  Drone x5  
  81  4:58  Extractor, Roach Warren  
  81  4:59  Extractor  
  83  5:02  Evolution Chamber  
  83  5:04  Drone x3, Extractor  
  83  5:05  Extractor  
  83  5:09  Drone  
  83  5:12  Drone x3  
  83  5:14  Drone  
  86  5:15  Extractor  
  86  5:18  Hatchery  
  84  5:21  Overlord  
  84  5:24  Drone x5  
  89  5:29  Overlord  
  89  5:31  Overlord x2  
  89  5:33  Zerg Missile Weapons Level 1  
  89  5:35  Zergling x2  
  90  5:38  Overlord  
  90  5:44  Roach x4  
  90  5:49  Glial Reconstitution  
  98  5:52  Drone x2  
  98  5:54  Infestation Pit, Roach x2  
  102  6:08  Roach x8  
  118  6:12  Ravager x2  
  118  6:13  Overseer  
  118  6:17  Zergling x2  
  118  6:18  Zergling x6  
  124  6:21  Hydralisk Den  
  123  6:26  Spore Crawler  
  123  6:29  Drone x8  
  130  6:38  Zergling x2  
  130  6:39  Zergling x6  
  133  6:42  Spore Crawler  
  133  6:45  Spore Crawler  
  131  6:48  Zergling x10  
  131  6:52  Overlord x7  
  136  7:04  Spore Crawler  
  135  7:14  Zergling x24  
  138  7:19  Drone, Hive  
  138  7:20  Drone x3  
  139  7:26  Drone  
  139  7:27  Drone x2, Muscular Augments  
  135  7:32  Spore Crawler  
  132  7:38  Drone x4  
  132  7:39  Spore Crawler  
  132  7:44  Spore Crawler x3  
  130  7:45  Drone x3  
  130  7:48  Drone, Zerg Missile Weapons Level 2  
  132  7:55  Drone x6  
  132  8:03  Drone  
  132  8:04  Drone x8  
  141  8:07  Extractor x2, Infestor x3  
  141  8:08  Hydralisk  
  147  8:13  Hydralisk  
  147  8:19  Hydralisk x5  
  148  8:25  Hydralisk x4, Lurker Den  
  165  8:30  Overlord x2  
  163  8:35  Viper x3  
  170  8:43  Drone x3  
  170  8:44  Drone x4  
  174  8:49  Hydralisk x5  
  180  9:03  Overlord x2  
  180  9:04  Grooved Spines  
  180  9:13  Overlord  
  180  9:14  Overlord  
  180  9:23  Seismic Spines  
  180  9:24  Hydralisk x8  
  180  9:26  Hatchery  
  195  9:34  Spore Crawler  
  195  9:35  Spore Crawler, Spine Crawler x2  
  195  9:36  Spine Crawler  
  195  9:37  Spine Crawler  
  189  9:44  Hydralisk x5  
  199  10:00  Adrenal Glands  
  199  10:02  Evolution Chamber  
  197  10:11  Extractor x2  
  193  10:16  Lurker x7  
  193  10:20  Adaptive Talons  
  199  10:31  Zerg Missile Weapons Level 3  
  199  10:32  Zerg Ground Armor Level 1  
  199  11:06  Lurker  
  200  11:24  Hydralisk x10  
  196  11:30  Hydralisk x18  
  196  11:31  Zergling x10  
  197  11:36  Hydralisk x3  
  198  11:41  Zergling x2  
  190  11:56  Hydralisk x8  
  191  12:15  Lurker x6  
  191  12:27  Lurker  
  191  12:28  Zergling x10, Lurker x3  
  200  12:35  Spine Crawler  
  200  12:36  Lurker  
  200  12:54  Spine Crawler  
  200  12:55  Spine Crawler x2  
  191  13:05  Drone x2  
  192  13:09  Lurker x10  
  172  13:37  Zerg Melee Weapons Level 1, Zerg Ground Armor Level 2  
  170  13:47  Hatchery  
  170  13:48  Viper x2  
  169  13:49  Extractor  
  169  13:52  Zergling x24  
  184  14:06  Extractor  
  184  14:08  Hatchery  
  178  14:11  Extractor  
  178  14:15  Hatchery  
  176  14:17  Extractor  
  175  14:30  Lurker x7, Hydralisk x5  
  180  14:57  Zergling x24  
  179  15:13  Drone x3  
  181  15:17  Extractor  
  181  15:18  Hatchery  
  177  15:24  Drone x4  
  177  15:25  Drone  
  182  15:28  Hatchery  
  182  15:33  Zergling x6  
  182  15:35  Hydralisk  
  176  15:37  Queen  
  176  15:38  Queen  
  176  15:39  Hydralisk x2  
  177  15:45  Drone x2  
  177  15:46  Drone x2  
  178  16:05  Overseer x3  
  178  16:15  Drone x4  
  182  16:22  Drone x3  
  185  16:25  Hydralisk x7  
  185  16:27  Zerg Ground Armor Level 3, Zerg Melee Weapons Level 2  
  198  16:52  Drone x5  
  198  17:08  Spore Crawler  
  191  17:17  Hydralisk x6  
  179  17:42  Hydralisk x11  
  199  17:48  Hydralisk x4, Hatchery  
  195  17:55  Hydralisk  
  195  17:56  Hydralisk x2  
  195  17:57  Hydralisk x6  
  193  18:11  Hydralisk x4  
  190  18:51  Drone x3, Hydralisk x3  
  190  18:53  Spine Crawler x3  
  186  19:10  Hydralisk x7  
  200  19:28  Drone  
  200  19:29  Drone x4